 Dungeon Crawl Stone Soup version 0.23-a0-407-g92528d7c89 (console) character file.

3034 Gottschkopf the Transmogrifier (level 9, -2/81 HPs)
             Began as a Pale Draconian Transmuter on Nov 7, 2018.
             Slain by an orc warrior
             ... wielding a +0 dire flail
              (13 damage)
             ... on level 6 of the Dungeon.
             The game lasted 00:24:38 (7691 turns).

Gottschkopf the Transmogrifier (DrTm)               Turns: 7691, Time: 00:24:39

Health: -2/81      AC:  7    Str: 13    XL:     9   Next: 56%
Magic:  6/12       EV: 14    Int: 15    God:
Gold:   250        SH:  0    Dex: 13    Spells: 3/12 levels left

rFire    . . .     SeeInvis +     - Unarmed
rCold    + . .     Gourm    .   (shield currently unavailable)
rNeg     . . .     Faith    .   (armour unavailable)
rPois    .         Spirit   .   n - +0 hat {SInv}
rElec    .         Reflect  .   (no cloak)
rCorr    .         Harm     .   (gloves currently unavailable)
MR       .....                  (no boots)
Stlth    +.........             (no amulet)
HPRegen  0.23/turn              h - ring of protection from cold
MPRegen  0.13/turn              (no ring)

@: blade hands (expiring)
A: breathe steam, unfitting armour, cold-blooded, AC +7
a: Breathe Steam, End Transformation


You were on level 6 of the Dungeon.
You were near starving.
You had blades for hands.
You visited 1 branch of the dungeon, and saw 6 of its levels.

You collected 250 gold pieces.

Inventory:

Missiles
 a - 58 arrows
Armour
 n - a +0 hat of see invisible (worn)
Jewellery
 h - a ring of protection from cold (left scythe-like blade)
Wands
 l - a wand of flame (18)
Scrolls
 b - 4 scrolls of enchant weapon
 e - 2 scrolls of magic mapping
 f - 2 scrolls of blinking
 g - 3 scrolls of remove curse
 i - 2 scrolls of immolation {unknown}
 j - a scroll of enchant armour {unknown}
 p - a scroll of amnesia
 r - a scroll of fear
Potions
 d - 2 potions of agility
 k - a potion of heal wounds
 m - 2 potions of curing
 s - a potion of might
Comestibles
 c - 8 rations


   Skills:
 * Level 7.8 Fighting
 + Level 4.8 Dodging
 - Level 3.0 Unarmed Combat
 - Level 2.0 Spellcasting
 - Level 10.3 Transmutations


You had 3 spell levels left.
You knew the following spells:

 Your Spells              Type           Power        Failure   Level  Hunger
a - Beastly Appendage     Tmut           ####..       10%         1    #......
b - Spider Form           Tmut/Pois      ###.......   41%         3    ###....
c - Blade Hands           Tmut           ####......   43%         5    ######.

Your spell library contained the following spells:

 Spells                   Type           Power        Failure   Level  Hunger
 Sticks to Snakes         Tmut           ####....     12%         2    ###....
 Ice Form                 Ice/Tmut       ###.....     69%         4    #####..


Dungeon Overview and Level Annotations

Branches:
Dungeon (6/15)
 Temple: D:4-7

Altars:
Dithmenos
Qazlal
Vehumet
Wu Jian


Innate Abilities, Weirdness & Mutations

You can breathe blasts of scalding, opaque steam.
Your pale cyan-grey scales are hard. (AC +7)
You cannot fit into any form of body armour.
You are cold-blooded and may be slowed by cold attacks.


Message History

The gnoll is heavily wounded.
The gnoll barely misses you.
You slice the gnoll!!
You kill the gnoll!
The orc shouts!
The orc warrior hits you with a +0 dire flail!
You see here a +0 flail.
You slash the orc warrior!
Your tail-slap misses the orc warrior.
The orc warrior is heavily wounded.
The orc warrior hits you with a +0 dire flail!
You hit the orc warrior.
The orc warrior is heavily wounded.
The orc warrior hits you with a +0 dire flail!
* * * LOW HITPOINT WARNING * * *
The orc shouts!
You hit the orc warrior but do no damage.
You tail-slap the orc warrior, but do no damage.
The orc warrior is heavily wounded.
The orc warrior hits you with a +0 dire flail!
You die...

.#
#..>...)..).................##
.###)####..###).###.......#...##
.................(...###.......#
####.#########............####.#
#.# ##o####.####.# .# ####.# #.#
#.# #.# .# .....# #.# #.# #.. .#
###### #.####.####..# ##
#.@o.oo...... #.####..###..
##.## #.# ...>. ..... #.#
..###.. ##.## #.# ..# . #.. ...
## #.. .... #... .... . #..# .


You could see an orc warrior and 3 orcs.

Vanquished Creatures
  Pikel (D:6)
  Eustachio (D:5)
  Menkaure (D:4)
  A hungry ghost (D:6)
  2 orc warriors (D:6)
  2 sky beasts (D:5)
  4 slaves (D:6)
  A phantom (D:4)
  3 ogres
  3 bullfrogs (D:6)
  A scorpion (D:4)
  4 wights (D:6)
  2 howler monkeys (D:4)
  A bullfrog zombie (D:5)
  A crimson imp (D:6)
  4 orc priests
  5 orc wizards
  4 hounds
  A centaur skeleton (D:5)
  2 iguanas (D:4)
  Natasha (thrice) (D:3)
  2 worker ants
  A hound skeleton (D:5)
  A worker ant zombie (D:5)
  11 gnolls
  8 adders
  A shadow imp (D:5)
  3 adder skeletons
  3 dart slugs
  3 worms
  A leopard gecko (D:6)
  19 orcs
  3 giant cockroaches
  13 goblins
  7 hobgoblins
  4 jackals (D:1)
  5 quokkas
  A ball python (D:1)
  10 bats
  5 frilled lizards
  A jackal zombie (D:3)
  3 kobolds
  7 rats
159 creatures vanquished.

Vanquished Creatures (others)
  A plant (D:3)
1 creature vanquished.

Grand Total: 160 creatures vanquished

Notes
Turn   | Place    | Note
-------+----------+-------------------------------------------
     0 | D:1      | Gottschkopf the Draconian Transmuter began the quest for
                  | the Orb.
     0 | D:1      | Reached XP level 1. HP: 16/16 MP: 3/3
    49 | D:1      | Reached XP level 2. HP: 22/23 MP: 1/5
   101 | D:1      | Reached skill level 3 in Transmutations
   321 | D:1      | Reached XP level 3. HP: 24/28 MP: 4/6
   332 | D:1      | Learned a level 3 spell: Spider Form
   594 | D:2      | Reached skill level 4 in Transmutations
   600 | D:2      | HP: 1/28 [orc/+0 club (4)]
  1034 | D:1      | Reached XP level 4. HP: 18/35 MP: 1/7
  1412 | D:2      | Reached skill level 5 in Transmutations
  1802 | D:2      | Found a stormy altar of Qazlal.
  2038 | D:3      | Found a radiant altar of Vehumet.
  2143 | D:3      | Reached XP level 5. HP: 40/40 MP: 6/8
  2766 | D:3      | Reached skill level 6 in Transmutations
  3324 | D:3      | Reached XP level 6. HP: 23/47 MP: 5/9
  3839 | D:4      | Reached skill level 7 in Transmutations
  4022 | D:4      | Found an ornate altar of the Wu Jian Council.
  4135 | D:4      | Noticed Menkaure
  4136 | D:4      | Noticed Natasha
  4154 | D:4      | HP: 1/47 [white imp/puff of frost[Natasha] (8)]
  4202 | D:3      | Killed Natasha
  4285 | D:3      | Noticed Natasha
  4296 | D:3      | Killed Natasha
  4577 | D:3      | Noticed Natasha
  4618 | D:3      | Killed Natasha
  4689 | D:4      | Killed Menkaure
  4689 | D:4      | Your scales start taking on a pale cyan-grey colour.
  4689 | D:4      | Reached XP level 7. HP: 24/52 MP: 7/10
  4844 | D:4      | Learned a level 5 spell: Blade Hands
  4887 | D:4      | Reached skill level 8 in Transmutations
  5336 | D:4      | HP: 2/52 [worm (9)]
  5731 | D:5      | Entered Level 5 of the Dungeon
  5731 | D:5      | Noticed Eustachio
  5797 | D:5      | Reached skill level 9 in Transmutations
  5988 | D:5      | Killed Eustachio
  5988 | D:5      | Reached XP level 8. HP: 44/59 MP: 6/11
  6243 | D:5      | Reached skill level 10 in Transmutations
  6407 | D:5      | Found a shadowy altar of Dithmenos.
  7189 | D:6      | Noticed Pikel
  7215 | D:6      | Killed Pikel
  7215 | D:6      | Reached XP level 9. HP: 40/75 MP: 1/12
  7691 | D:6      | Slain by an orc warrior

Vault maps used:
D:1:      eino_arrival_tree_alley
D:2:      lemuel_round_altar
D:3:      minmay_wonky_spiral, vehumet_crystals, chequers_big_river,
          kennysheep_generic_room_13
D:4:      lemuel_doored_altar, first_ration, minmay_small_thing, uniq_menkaure,
          uniq_natasha
D:5:      kennysheep_mini_moat, hangedman_abyss_or_decor_stabs,
          kennysheep_small_spiral, minmay_misc_feat_room, uniq_eustachio
D:6:      uniq_pikel

Skill      XL: |  1  2  3  4  5  6  7  8  9 |
---------------+----------------------------+-----
Transmutations | 3 4 5 6 7 9 10 | 10.3
Dodging        | 3 4 |  4.8
Fighting       | 6 7 |  7.8
Unarmed Combat | |  3.0
Spellcasting   | |  2.0

Action                   |  1- 3 |  4- 6 |  7- 9 || total
-------------------------+-------+-------+-------++-------
Melee: Unarmed           |    81 |   226 |   332 ||   639
       Headbutt          |     6 |     8 |    19 ||    33
       Tailslap          |     7 |    20 |    36 ||    63
       Kick              |     8 |     9 |    20 ||    37
       Punch             |       |     1 |     3 ||     4
 Cast: Beastly Appendage |    14 |    33 |    24 ||    71
       Spider Form       |     2 |    15 |     3 ||    20
       Blade Hands       |       |       |    15 ||    15
  Use: Potion            |       |     2 |       ||     2
       Scroll            |       |       |    10 ||    10
  Eat: Chunk             |       |    16 |    13 ||    29
       Ration            |       |       |     1 ||     1
Armor: Skin              |    26 |    58 |    73 ||   157
Dodge: Dodged            |    67 |   171 |   150 ||   388

Table legend:
 A = Non-vault XP
 B = Vault XP
 C = Vault XP percentage of total XP
 D = Non-vault monster count
 E = Vault monster count
 F = Vault count percentage of total count
                 A         B        C        D         E       F
            +---------+---------+-------+---------+---------+-------
      Total |    3257 |    1078 |  24.9 |     146 |       9 |   5.8
            +---------+---------+-------+---------+---------+-------
        D:1 |      57 |       0 |   0.0 |      29 |       0 |   0.0
        D:2 |     131 |       0 |   0.0 |      15 |       0 |   0.0
        D:3 |     262 |      19 |   6.8 |      29 |       6 |  17.1
        D:4 |     496 |     172 |  25.7 |      23 |       1 |   4.2
        D:5 |     760 |     202 |  21.0 |      21 |       1 |   4.5
        D:6 |    1551 |     685 |  30.6 |      29 |       1 |   3.3
            +---------+---------+-------+---------+---------+-------
